 Dungeon Crawl Stone Soup version 0.22.1-2-g9c5b331 (webtiles) character file.

1217 MalarOregon the Chiller (level 8, 0/61 HPs)
             Began as a Merfolk Ice Elementalist on Nov 12, 2018.
             Was a Follower of Dithmenos.
             Slain by an orc warrior
             ... wielding a +0 trident
              (3 damage)
             ... on level 6 of the Dungeon.
             The game lasted 00:21:48 (5232 turns).

MalarOregon the Chiller (Merfolk Ice Elementalist)  Turns: 5232, Time: 00:21:49

Health: 0/61       AC:  7    Str:  8    XL:     8   Next: 46%
Magic:  16/17      EV: 13    Int: 16    God:    Dithmenos [*.....]
Gold:   221        SH:  0    Dex: 15    Spells: 3/14 levels left

rFire    . . .     SeeInvis .   p - +3 spear (venom)
rCold    . . .     Gourm    .   (no shield)
rNeg     + . .     Faith    .   c - +2 robe {rN+}
rPois    .         Spirit   .   q - +0 Maxwell's etheric cage {RegenMP+ *Contam rElec MP+4}
rElec    +         Reflect  .   g - +0 cloak
rCorr    .         Harm     .   (no gloves)
MR       .....                  k - +0 pair of boots
Stlth    ++++......             (no amulet)
HPRegen  0.20/turn              v - ring of stealth MPRegen 0.65/turn*
                                (no ring)

@: wreathed by umbra
A: change form in water, swift swim, stealthy swim
a: Renounce Religion


You were on level 6 of the Dungeon.
You worshipped Dithmenos.
Dithmenos was aware of your devotion.
You were near starving.

You visited 2 branches of the dungeon, and saw 7 of its levels.

You collected 221 gold pieces.

Inventory:

Hand Weapons
 p - a +3 spear of venom (weapon)
   (You took it off Robin on level 2 of the Dungeon)
Missiles
 b - 6 javelins
 d - 28 poisoned needles
 s - 12 tomahawks (quivered)
Armour
 c - a +2 robe of positive energy (worn)
   (You found it on level 1 of the Dungeon)
 g - a +0 cloak (worn)
   (You took it off Crazy Yiuf on level 2 of the Dungeon)
 k - a +0 pair of boots (worn)
   (You found it on level 4 of the Dungeon)
 o - a +0 shield
   (You found it on level 2 of the Dungeon)
 q - the +0 Maxwell's etheric cage (worn) {RegenMP+ *Contam rElec MP+4}
   (You took it off Robin on level 2 of the Dungeon)

   It insulates you from electricity.
   It affects your magic capacity (+4).
   It causes magical contamination when unequipped.
Jewellery
 v - a ring of stealth (left hand)
   (You found it on level 5 of the Dungeon)
Wands
 u - a wand of paralysis (9)
   (You found it on level 3 of the Dungeon)
Scrolls
 f - 4 scrolls of teleportation {@r4}
 h - 2 scrolls of enchant weapon
 j - 4 scrolls of remove curse {@r2}
 r - a scroll of fog
 t - a scroll of magic mapping
 x - a scroll of enchant armour
Potions
 a - 3 potions of curing {@q1}
 i - a potion of heal wounds {unknown}
 l - a potion of magic {unknown}
 m - 2 potions of agility
 n - a potion of might
 w - a potion of haste {unknown}
Comestibles
 e - 4 rations {!d}


   Skills:
 + Level 4.7 Fighting
 + Level 4.8 Polearms
 - Level 2.6 Dodging
 - Level 2.1 Stealth
 - Level 1.1 Shields
 * Level 3.5 Spellcasting
 * Level 4.4 Conjurations
 + Level 1.1 Summonings
 * Level 5.8 Ice Magic


You had 3 spell levels left.
You knew the following spells:

 Your Spells              Type           Power        Failure   Level  Hunger
a - Freeze                Ice            ###.         1%          1    None
c - Throw Icicle          Conj/Ice       ###.....     22%         4    ####...
d - Summon Ice Beast      Ice/Summ       ##......     38%         4    ####...
x - Throw Frost           Conj/Ice       ###...       3%          2    ##.....

Your spell library contained the following spells:

 Spells                   Type           Power        Failure   Level  Hunger
 Ozocubu's Armour         Chrm/Ice       ##......     16%         3    ###....


Dungeon Overview and Level Annotations

Branches:
Dungeon (6/15)             Temple (1/1) D:4

Altars:
Cheibriados
Dithmenos
Elyvilon
Fedhas
Gozag
Hepliaklqana
Kikubaaqudgha
Makhleb
Nemelex Xobeh
Qazlal
Ru
Trog
Uskayaw
Vehumet
Wu Jian
Xom
Yredelemnul
Zin
The Shining One


Message History

Beogh smites you!
* * * LOW HITPOINT WARNING * * *
The orc warrior hits you from afar with a trident.
* * * LOW HITPOINT WARNING * * *
The orc warrior hits you from afar with a trident!
* * * LOW HITPOINT WARNING * * *
You climb upwards.
There is a stone staircase leading down here.
Unknown command.
Unknown command.
You start resting.
You start resting.
You are feeling very hungry.
You start resting.
Your magical contamination has completely faded away.
You are near starving!
You start resting.
You climb downwards.
The orc warrior closely misses you.
There is a stone staircase leading up, spattered with blood here.
Aim: an orc warrior, wielding a trident and wearing a chain mail (umbra)
You freeze the orc warrior. The orc warrior barely misses you.
Aim: an orc warrior, wielding a trident and wearing a chain mail (moderately You freeze the orc warrior.
The orc warrior hits you with a trident.
Aim: an orc warrior, wielding a trident and wearing a chain mail (moderately You freeze the orc warrior.
The orc warrior hits you with a trident!
The orc priest looks braver for a moment.
Aim: an orc warrior, wielding a trident and wearing a chain mail (severely You freeze the orc warrior.
The orc warrior hits you with a trident!
An orc wizard comes into view. It is wielding a dagger.
The orc priest calls upon Beogh to heal the orc warrior.
The orc warrior is healed somewhat.
You hear a shout!
Aim: an orc warrior, wielding a trident and wearing a chain mail (severely You freeze the orc warrior.
The orc priest calls upon Beogh to heal the orc warrior.
The orc warrior is healed somewhat.
The orc warrior misses you.
Aim: an orc warrior, wielding a trident and wearing a chain mail (heavily You freeze the orc warrior.
An orc priest comes into view.
The orc warrior hits you with a trident!!
* * * LOW HITPOINT WARNING * * *
The orc priest shouts!
The orc priest mumbles some strange prayers to Beogh against you.
Beogh smites you!
* * * LOW HITPOINT WARNING * * *
The orc warrior hits you with a trident.
You die...

. ...#####
.......#####
#ooo@.#
###o##### #
#...#
#..######o###
.......#..#
......o(.##
........##
.......##
.......


You could see an orc warrior, 2 orc priests and an orc wizard.

Vanquished Creatures
  Eustachio (D:4)
  Menkaure (D:4)
  An ice beast (D:6)
  A necrophage (D:5)
  An ogre (D:4)
  A phantom (D:5)
  A scorpion (D:4)
  A howler monkey (D:4)
  A bullfrog zombie (D:5)
  Crazy Yiuf (D:2)
  A hound (D:4)
  3 orc wizards (D:4)
  Terence (D:3)
  An iguana (D:5)
  4 worker ants
  A hound skeleton (D:2)
  Robin (D:2)
  7 adders
  An ooze (D:1)
  2 adder skeletons
  An adder zombie (D:5)
  A worm (D:2)
  2 dart slugs (D:1)
  2 leopard geckos
  8 orcs
  16 giant cockroaches
  11 goblins
  4 hobgoblins
  5 jackals (D:3)
  5 kobolds
  2 quokkas
  2 ball pythons
  3 bats (D:1)
  7 frilled lizards
  A leopard gecko zombie (D:5)
  7 rats
  A bush (D:2)
110 creatures vanquished.

Vanquished Creatures (others)
  A goblin (D:2)
1 creature vanquished.

Grand Total: 111 creatures vanquished

Notes
Turn   | Place    | Note
-------+----------+-------------------------------------------
     0 | D:1      | MalarOregon the Merfolk Ice Elementalist began the quest
                  | for the Orb.
     0 | D:1      | Reached XP level 1. HP: 13/13 MP: 3/3
   132 | D:1      | Reached XP level 2. HP: 19/20 MP: 0/5
   227 | D:1      | Reached skill level 1 in Fighting
   597 | D:1      | Reached XP level 3. HP: 26/26 MP: 2/6
   821 | D:1      | Learned a level 2 spell: Throw Frost
   866 | D:2      | Found a radiant altar of Vehumet.
  1048 | D:2      | Reached skill level 4 in Ice Magic
  1423 | D:2      | Reached XP level 4. HP: 33/33 MP: 4/8
  1627 | D:2      | Noticed Robin
  1676 | D:2      | Killed Robin
  1955 | D:2      | Learned a level 4 spell: Throw Icicle
  2184 | D:2      | Reached skill level 1 in Conjurations
  2326 | D:2      | Found a runed door.
  2330 | D:2      | Noticed Crazy Yiuf
  2335 | D:2      | Killed Crazy Yiuf
  2335 | D:2      | Reached XP level 5. HP: 28/39 MP: 8/9
  2582 | D:3      | Noticed Terence
  2592 | D:3      | Killed Terence
  2909 | D:4      | Noticed an ogre
  2990 | D:4      | Killed an ogre
  2990 | D:4      | Reached skill level 1 in Polearms
  2990 | D:4      | Reached skill level 1 in Shields
  2990 | D:4      | Reached XP level 6. HP: 47/47 MP: 8/10
  3010 | D:4      | Found a staircase to the Ecumenical Temple.
  3026 | Temple   | Entered the Ecumenical Temple
  3222 | Temple   | Became a worshipper of Dithmenos the Shadowed
  3228 | Temple   | Learned a level 4 spell: Summon Ice Beast
  3331 | D:4      | Found a sparkling altar of Nemelex Xobeh.
  3400 | D:4      | Noticed Menkaure
  3462 | D:4      | Killed Menkaure
  3462 | D:4      | Reached skill level 5 in Ice Magic
  3462 | D:4      | Reached XP level 7. HP: 23/52 MP: 3/11
  3743 | D:4      | Noticed Eustachio
  3771 | D:4      | Killed Eustachio
  4040 | D:4      | Found a burning altar of Makhleb.
  4040 | D:4      | Found a snail-covered altar of Cheibriados.
  4171 | D:4      | Reached XP level 8. HP: 61/61 MP: 10/12
  4382 | D:5      | Entered Level 5 of the Dungeon
  4386 | D:5      | Reached * piety under Dithmenos
  4935 | D:6      | Reached skill level 1 in Summonings
  5232 | D:6      | HP: 3/61 [orc priest/divine providence (10)]
  5232 | D:6      | Slain by an orc warrior

Skill      XL: |  1  2  3  4  5  6  7  8 |
---------------+-------------------------+-----
Fighting       | 1 2 3 4 |  4.7
Ice Magic      | 4 5 |  5.8
Spellcasting   | 3 |  3.5
Conjurations   | 1 2 4 |  4.4
Polearms       | 1 2 4 |  4.8
Shields        | 1 |  1.1
Summonings     | 1 |  1.1
Dodging        | |  2.6
Stealth        | |  2.1

Action                   |  1- 3 |  4- 6 |  7- 9 || total
-------------------------+-------+-------+-------++-------
Melee: Unarmed           |    47 |       |       ||    47
       Short sword       |    16 |     6 |       ||    22
       Spear             |       |   107 |    57 ||   164
 Cast: Freeze            |    52 |    48 |    17 ||   117
       Throw Frost       |       |    19 |    49 ||    68
       Throw Icicle      |       |       |    19 ||    19
  Use: Potion            |       |     1 |       ||     1
       Scroll            |       |    10 |     3 ||    13
 Stab: Sleeping          |     1 |     6 |     1 ||     8
  Eat: Chunk             |     2 |     8 |     8 ||    18
       Ration            |       |       |     1 ||     1
Armor: Robe              |    28 |    23 |    22 ||    73
Dodge: Dodged            |    79 |    58 |    52 ||   189
